 Dungeon Crawl Stone Soup version 0.17-a0-755-g4391640 (webtiles) character file.

8868 Gunnerkreig the Arsonist (level 11, -15/81 HPs)
             Began as a White Draconian Fire Elementalist on Apr 22, 2015.
             Was an Elder of Vehumet.
             Killed from afar by a gargoyle (24 damage)
             ... with a stone arrow
             ... on level 12 of the Dungeon.
             The game lasted 01:24:05 (16057 turns).

Gunnerkreig the Arsonist (DrFE)                    Turns: 16057, Time: 01:24:06

Health: -15/81     AC: 14    Str: 12 (13) XL:     11   Next: 15%
Magic:  4/20       EV: 12    Int: 17 (19) God:    Vehumet [****..]
Gold:   434        SH:  0    Dex:  8 (11) Spells: 9 memorised, 1 level left

rFire  + . .     SeeInvis +     P - staff of wizardry
rCold  . . .     Clarity  .     (armour unavailable)
rNeg   . . .     SustAb   .     (no shield)
rPois  .         Gourm    .     (helmet restricted)
rElec  .         Spirit   .     l - +0 cloak
rCorr  .         Warding  .     r - +2 pair of gloves
rMut   .         Stasis   .     C - +2 pair of boots {Stlth+}
MR     .....                    (no amulet)
Stlth  ++........               F - ring of fire
                                Q - ring of see invisible

@: not resistant to hostile enchantments, unstealthy
A: breathe frost, unfitting armour, hooves 1, stinger 1, see invisible, cold
resistance 1, deterioration 2, sense surroundings 2, robust 1, strong 1,
cold-blooded, AC +7
a: Breathe Frost, Renounce Religion


You were on level 12 of the Dungeon.
You worshipped Vehumet.
Vehumet was greatly pleased with you.
You were not hungry.

You visited 1 branch of the dungeon, and saw 12 of its levels.

You collected 632 gold pieces.
You spent 198 gold pieces at shops.

Inventory:

Hand weapons
 g - a +1 dagger of holy wrath
 k - a +3 quarterstaff of chaos
 H - a +3 great sword of slicing
Armour
 l - a +0 cloak (worn)
 r - a +2 pair of gloves (worn)
 C - a +2 pair of boots of stealth (worn)
Magical staves
 P - an uncursed staff of wizardry (weapon)
Jewellery
 d - an uncursed ring of protection from cold
 m - an uncursed ring of teleportation
 v - a +4 ring of protection
 F - a ring of fire (right hand)
 Q - a ring of see invisible (left hand)
Magical devices
 e - a wand of digging (6)
 t - a wand of confusion (33)
 x - a wand of random effects (22)
 A - a wand of enslavement (7)
 M - a wand of confusion (22)
 N - a wand of magic darts (30)
Scrolls
 b - 5 scrolls of identify
 c - a scroll of immolation
 f - 2 scrolls of fog
 h - 2 scrolls of amnesia
 j - 3 scrolls of teleportation
 w - a scroll of recharging
 D - a scroll of magic mapping
 E - 2 scrolls of remove curse
 G - 3 scrolls of enchant armour
 J - 2 scrolls of blinking
 K - a scroll of holy word
Potions
 n - 2 potions of curing
 q - 2 potions of cancellation
 B - 3 potions of agility
 O - a potion of heal wounds
Books
 a - a book of Flames

   Spells                             Type                      Level
   a - Flame Tongue                   Conjuration/Fire             1
   b - Throw Flame                    Conjuration/Fire             2
   c - Conjure Flame                  Conjuration/Fire             3
   d - Inner Flame                    Hexes/Fire                   3
   e - Sticky Flame                   Conjuration/Fire             4
   f - Fireball                       Conjuration/Fire             5
 s - a book of Alchemy

   Spells                             Type                      Level
   a - Sublimation of Blood           Necromancy                   2
   b - Alistair's Intoxication        Transmutation/Poison         4
   c - Condensation Shield            Ice                          4
   d - Petrify                        Transmutation/Earth          4
   e - Ignite Poison                  Fire/Transmutation/Poison    3
   f - Irradiate                      Conjuration/Transmutation    5
 y - a book of Annihilations {highlevel, unknown}

   This book is beyond your current level of understanding.

   Spells                             Type                      Level
   a - Poison Arrow                   Conjuration/Poison           6
   b - Chain Lightning                Conjuration/Air              8
   c - Lehudib's Crystal Spear        Conjuration/Earth            8
   d - Glaciate                       Conjuration/Ice              9
   e - Fire Storm                     Conjuration/Fire             9
 I - a book of Fire

   Spells                             Type                      Level
   a - Ignite Poison                  Fire/Transmutation/Poison    3
   b - Fireball                       Conjuration/Fire             5
   c - Bolt of Fire                   Conjuration/Fire             6
   d - Delayed Fireball               Conjuration/Fire             7
   e - Ring of Flames                 Charms/Fire                  7
Miscellaneous
 o - a plain deck of defence {drawn: 1}
Comestibles
 i - 6 bread rations
 p - a royal jelly
 L - a beef jerky
 R - a meat ration


   Skills:
 - Level 0.2 Staves
 - Level 1.7 Dodging
 - Level 1.7 Stealth
 * Level 6.4 Spellcasting
 - Level 9.8 Conjurations
 + Level 4.2 Necromancy
 - Level 10.4 Fire Magic
 - Level 0.2 Evocations


You had one spell level left.
You knew the following spells:

 Your Spells              Type           Power        Failure   Level  Hunger
a - Flame Tongue          Conj/Fire      #####        1%          1    None
b - Throw Flame           Conj/Fire      ######       1%          2    None
c - Conjure Flame         Conj/Fire      ######..     1%          3    ##.....
d - Sticky Flame          Conj/Fire      ######..     1%          4    ####...
e - Shock                 Conj/Air       ###.         1%          1    None
f - Freeze                Ice            #...         1%          1    None
g - Fireball              Conj/Fire      ######....   1%          5    #####..
h - Sublimation of Blood  Necr           ###.......   1%          2    None
i - Delayed Fireball      Conj/Fire      N/A          36%         7    #######


Dungeon Overview and Level Annotations

Branches:
Dungeon (12/15)            Temple (0/1) D:7            Lair (0/8) D:10
    Orc (0/4) D:9

Altars:
Cheibriados
Dithmenos
Elyvilon
Gozag
Makhleb
Nemelex Xobeh
Trog
Vehumet

Shops:
D:7 [   D:8 :

Annotations:
D:6 StephenWHawking's ghost, experienced FeMo


Innate Abilities, Weirdness & Mutations

You can breathe waves of freezing cold.
You can buffet flying creatures when you breathe cold.
Your icy white scales are hard (AC +7).
Your body does not fit into most forms of armour.
Your flesh is cold resistant.
You are cold-blooded and may be slowed by cold attacks.
You have large cloven feet.
Your tail ends in a poisonous barb.
You have supernaturally acute eyesight.
Your body is deteriorating.
You passively map the area around you.
You are robust (+10% HP).
Your muscles are strong. (Str +2)


Message History

Aim: a gargoyle, wielding a mace (severely damaged)
You feel a surge of power!
The flame tongue hits the gargoyle.
The gargoyle is almost destroyed.
The gargoyle hits you with a mace!
Casting: Flame Tongue
Confirm with . or Enter, or press ? or * to list all spells.
You don't have enough magic to cast that spell.
Unknown command.
You hit the gargoyle but do no damage.
Your tail-slap misses the gargoyle.
The gargoyle is almost destroyed.
The gargoyle hits you with a mace!
* * * LOW HITPOINT WARNING * * *
The gargoyle hurls a stone arrow at you.
The stone arrow misses you.
The gargoyle hurls a stone arrow at you.
The stone arrow hits you!
* * * LOW HITPOINT WARNING * * *
The gargoyle hurls a stone arrow at you.
The stone arrow hits you!
You die...

,,.........)........>...#
*
###.######..####.......#
,,........<...# #.##+####
* *#########..## #....#
#..# ####.# #####..# #.#
#......########.####
#+####.##.........<# * *
,, #..#@#####.#### , **
###........9.# ,,
+......####..# ,*,* ,
#####.## #..# ,*, , ,
#..# #..# * , * , , ##.##
#... ,* * #..# ##+## *, ,
##9# , ,, * *,* #.## , ,
*


You could see a gargoyle.

Vanquished Creatures
  Sonja (D:10)
  2 hill giants (D:10)
  A centaur skeleton (D:10)
  A troll (D:11)
  A two-headed ogre (D:10)
  Sigmund (D:4)
  A deep elf mage (D:10)
  A wraith (D:12)
  A spriggan (D:7)
  A steam dragon (D:8)
  Eustachio (D:4)
  4 hungry ghosts
  A water moccasin (D:5)
  5 orc warriors
  4 sky beasts
  8 centaurs
  2 phantoms
  4 ogres
  2 ice beasts
  An eye of draining (D:11)
  The ghost of cojito the Conjurer, an average OpCj (D:3)
  A big kobold (D:10)
  A giant frog (D:8)
  4 scorpions
  4 wights (D:10)
  7 killer bees
  A centaur zombie (D:5)
  6 crimson imps
  3 jellies
  12 orc priests
  A giant frog skeleton (D:4)
  4 hounds
  Crazy Yiuf (D:4)
  Ijyb (D:2)
  4 iguanas
  Jessica (D:2)
  Terence (D:2)
  Natasha (thrice) (D:3)
  9 orc wizards
  13 worker ants
  4 hound skeletons
  9 adders
  2 gnolls (D:1)
  A worker ant zombie (D:5)
  A shadow imp (D:8)
  3 worms
  8 giant geckos
  49 orcs
  10 bats
  A bat skeleton (D:4)
  7 giant cockroaches
  16 hobgoblins
  4 jackals (D:9)
  17 kobolds
  6 quokkas
  4 ball pythons
  5 giant newts
  A giant spore (D:10)
  17 goblins
  A jackal skeleton (D:5)
  12 rats
  2 plants (D:1)
301 creatures vanquished.

Notes
Turn   | Place    | Note
--------------------------------------------------------------
     0 | D:1      | Gunnerkreig, the Draconian Fire Elementalist, began the quest for the Orb.
     0 | D:1      | Reached XP level 1. HP: 14/14 MP: 3/3
   333 | D:1      | Reached XP level 2. HP: 20/20 MP: 3/5
   975 | D:1      | Reached XP level 3. HP: 15/26 MP: 1/6
  1221 | D:1      | Reached skill level 4 in Fire Magic
  1873 | D:2      | Noticed Jessica
  1883 | D:2      | Killed Jessica
  1883 | D:2      | Reached XP level 4. HP: 31/33 MP: 4/7
  1964 | D:2      | Found a sparkling altar of Nemelex Xobeh.
  1965 | D:2      | Noticed Terence
  1975 | D:2      | Killed Terence
  2165 | D:2      | Found a burning altar of Makhleb.
  2165 | D:2      | Found an opulent altar of Gozag.
  2231 | D:2      | Noticed Ijyb
  2259 | D:2      | Killed Ijyb
  2259 | D:2      | Reached XP level 5. HP: 19/38 MP: 0/8
  2442 | D:2      | Reached skill level 5 in Fire Magic
  2452 | D:2      | Learned a level 2 spell: Throw Flame
  2456 | D:2      | Learned a level 3 spell: Conjure Flame
  3026 | D:3      | Noticed cojito's ghost (average OpCj)
  3716 | D:3      | Killed cojito's ghost
  3716 | D:3      | Reached XP level 6. HP: 45/45 MP: 0/9
  3742 | D:3      | Found a bloodstained altar of Trog.
  3743 | D:3      | Found a white marble altar of Elyvilon.
  3746 | D:3      | Found a snail-covered altar of Cheibriados.
  3791 | D:3      | Found a shadowy altar of Dithmenos.
  4171 | D:3      | Noticed Natasha
  4185 | D:3      | Killed Natasha
  4212 | D:3      | Noticed Natasha
  4216 | D:3      | Killed Natasha
  4662 | D:3      | Noticed Natasha
  4666 | D:3      | Killed Natasha
  4703 | D:4      | Reached skill level 5 in Conjurations
  4703 | D:4      | Reached skill level 6 in Fire Magic
  4776 | D:4      | Noticed Crazy Yiuf
  4782 | D:4      | Killed Crazy Yiuf
  4782 | D:4      | Reduced skill Fire Magic to level 5
  4782 | D:4      | Your scales start taking on a icy white colour.
  4782 | D:4      | Gained mutation: Your flesh is cold resistant. [White Draconian growth]
  4782 | D:4      | Reached XP level 7. HP: 45/50 MP: 5/10
  5395 | D:4      | Noticed Eustachio
  5422 | D:4      | Killed Eustachio
  5422 | D:4      | Reached skill level 6 in Conjurations
  5550 | D:4      | Learned a level 4 spell: Sticky Flame
  5814 | D:4      | Noticed Sigmund
  5826 | D:4      | Killed Sigmund
  5826 | D:4      | Reached XP level 8. HP: 28/57 MP: 2/11
  6058 | D:4      | Found a radiant altar of Vehumet.
  6062 | D:4      | Became a worshipper of Vehumet
  6606 | D:4      | Reached skill level 7 in Conjurations
  6834 | D:5      | Entered Level 5 of the Dungeon
  7089 | D:5      | Acquired Vehumet's first power
  7089 | D:5      | Offered knowledge of Shock by Vehumet.
  7092 | D:5      | Learned a level 1 spell: Shock
  8171 | D:6      | Reached XP level 9. HP: 46/62 MP: 3/13
  8656 | D:6      | Noticed StephenWHawking's ghost (experienced FeMo)
  8662 | D:6      | Reached skill level 8 in Fire Magic
  8973 | D:6      | Offered knowledge of Freeze by Vehumet.
  8976 | D:6      | Learned a level 1 spell: Freeze
  9949 | D:7      | Found a staircase to the Ecumenical Temple.
  9977 | D:7      | Found Tapsid Reele's Armour Shop.
  9980 | D:7      | Bought a +1 pair of boots of stealth for 198 gold pieces
 10328 | D:7      | Learned a level 5 spell: Fireball
 10785 | D:7      | Reached skill level 5 in Spellcasting
 10974 | D:8      | Gained mutation: You passively map a small area around you. [mutagenic meat]
 10975 | D:8      | Gained mutation: You expend magic power (3 MP) to strengthen your wands. [mutagenic meat]
 10976 | D:8      | Gained mutation: Your body is slowly deteriorating. [mutagenic meat]
 11857 | D:8      | Got a transparent leather armour
 11970 | D:8      | Found Somar's Book Shop.
 11982 | D:8      | Learned a level 2 spell: Sublimation of Blood
 12181 | D:9      | Reached skill level 9 in Fire Magic
 12274 | D:9      | Offered knowledge of Searing Ray by Vehumet.
 12302 | D:9      | Reached XP level 10. HP: 69/69 MP: 13/19
 12315 | D:9      | Learned a level 7 spell: Delayed Fireball
 12452 | D:9      | Reached skill level 1 in Necromancy
 12730 | D:9      | Acquired Vehumet's second power
 12875 | D:9      | Found a staircase to the Orcish Mines.
 13047 | D:9      | Upgraded the game from 0.17-a0-746-g953d9fb to 0.17-a0-755-g4391640
 13055 | D:10     | Entered Level 10 of the Dungeon
 13055 | D:10     | Found a staircase to the Lair.
 13055 | D:10     | Noticed a hill giant
 13062 | D:10     | Killed a hill giant
 13181 | D:10     | Noticed a hill giant
 13191 | D:10     | Killed a hill giant
 13552 | D:10     | Reached skill level 10 in Fire Magic
 13584 | D:10     | Offered knowledge of Static Discharge by Vehumet.
 13640 | D:10     | Noticed Sonja
 14067 | D:10     | Gained mutation: You passively map the area around you. [mutagenic meat]
 14068 | D:10     | Gained mutation: Your body is deteriorating. [mutagenic meat]
 14069 | D:10     | Gained mutation: You are frail (-10% HP). [mutagenic meat]
 14072 | D:10     | Gained mutation: Your muscles are strong. (Str +2) [mutagenic meat]
 14098 | D:10     | Killed Sonja
 14260 | D:10     | Reached XP level 11. HP: 57/66 MP: 2/20
 15017 | D:11     | Identified a scroll of acquirement
 15243 | D:11     | Lost mutation: You are frail (-10% HP). [potion of mutation]
 15243 | D:11     | Gained mutation: You are robust (+10% HP). [potion of mutation]
 15243 | D:11     | Gained mutation: You have large cloven feet. [potion of mutation]
 15271 | D:11     | Acquired Vehumet's third power
 15554 | D:11     | Gained mutation: Your tail ends in a poisonous barb. [potion of mutation]
 15555 | D:11     | Lost mutation: You expend magic power (3 MP) to strengthen your wands. [potion of mutation]
 15555 | D:11     | Gained mutation: You have supernaturally acute eyesight. [potion of mutation]
 15927 | D:12     | Offered knowledge of Lightning Bolt by Vehumet.
 16057 | D:12     | Killed from afar by a gargoyle

Action                   |  1- 3 |  4- 6 |  7- 9 | 10-12 || total
-------------------------+-------+-------+-------+-------++-------
Melee: Short sword       |   162 |       |       |       ||   162
       Unarmed           |     1 |       |       |    29 ||    30
       Dagger            |   326 |    58 |    23 |       ||   407
       Quarterstaff      |       |       |    98 |    65 ||   163
       Staff             |       |       |       |    28 ||    28
 Cast: Flame Tongue      |    47 |   115 |   286 |   170 ||   618
       Throw Flame       |       |     6 |    27 |    35 ||    68
       Conjure Flame     |       |     2 |     9 |     6 ||    17
       Sticky Flame      |       |       |    15 |    26 ||    41
       Fireball          |       |       |     1 |       ||     1
       Delayed Fireball  |       |       |       |     1 ||     1
 Abil: Breathe Frost     |       |       |     3 |     3 ||     6
       Release Delayed F |       |       |       |     1 ||     1
Evoke: Wand              |       |       |     1 |       ||     1
       Deck              |       |       |     1 |       ||     1
  Use: Scroll            |       |    10 |     8 |     9 ||    27
       Potion            |       |     6 |     5 |     7 ||    18
  Eat: Chunk             |     2 |     5 |    23 |    12 ||    42
       Bread ration      |     1 |       |     2 |     1 ||     4
       Meat ration       |       |     1 |     1 |     1 ||     3
